cohdb
Replays
Latest Replays
All Replays
Popular Replays
Top Player Replays
Match Explorer
How It Works
Community
CoH3 Stats
Reddit
Sign in to upload your games and track your stats! →
Sign in with Steam
Match 46909352
Unlisted
Match 46909352
Overview
Messages
Build Orders
End
Construct Section Command Post
Royal Engineer Section
Selects Air and Sea Battlegroup
Dingo Light Scout Car
Dingo Light Scout Car
Construct Platoon Command Post
Selects Supply Surplus
Construct Field Infirmary
Construct Resource Cache
Construct Resource Cache
Construct Resource Cache
Selects UNKNOWN (223837)
Unlock M3 Stuart Light Tanks
M3 Stuart Light Tank
M3 Stuart Light Tank
Jm200092
DerTontaiLama
PlammX
P4K|KiLLiN
란카
Dr Jello
Yikers
Zoro
0
0
Comments
sign in to comment!
No comments posted yet!